 Dungeon Crawl Stone Soup version 0.31-a0-940-gdaa99269f9 (webtiles) character file.

Game seed: 5629376702855498836

31 kae the Chopper (level 3, 31/31 HPs)
             Began as a Hill Orc Fighter on Oct 20, 2023.
             Was an Initiate of Gozag.
             Quit the game on level 1 of the Dungeon.
             The game lasted 00:00:58 (1307 turns).

kae the Chopper (Hill Orc Fighter)                  Turns: 1307, Time: 00:00:58

Health: 31/31      AC:  6    Str: 20    XL:     3   Next: 22%
Magic:  3/3        EV:  9    Int:  8    God:    Gozag
Gold:   26         SH:  4    Dex: 10    Spells: 2/2 levels left

rFire   . . .        a - +0 war axe
rCold   . . .        c - +0 buckler
rNeg    . . .        b - +0 scale mail
rPois   .            (no helmet)
rElec   .            (no cloak)
rCorr   .            (no gloves)
SInv    .            (no boots)
Will    .....        (no amulet) Stlth
                     (no ring)
HPRegen 0.25/turn    (no ring)
MPRegen 0.08/turn

%: no passive effects
@: no status effects
A: no striking features
a: Renounce Religion, Potion Petition, Call Merchant, Bribe Branch


You were on level 1 of the Dungeon.
You worshipped Gozag.
Gozag was noncommittal.
You visited 1 branch of the dungeon, and saw 1 of its levels.

You collected 114 gold pieces.
You spent 88 gold pieces at shops.


   Skills:
 - Level 3.6 Fighting
 + Level 4.8 Axes
 - Level 3.2 Armour
 - Level 3.2 Shields


You had 2 spell levels left.
You didn't know any spells.
Your spell library was empty.

Inventory:

Hand Weapons
 a - a +0 war axe (weapon)
Missiles
 j - 20 stones
Armour
 b - a +0 scale mail (worn)
 c - a +0 buckler (worn)
Scrolls
 f - a scroll of vulnerability {unknown}
 h - 5 scrolls of identify {@r1}
 i - a scroll of teleportation {unknown}
 k - a scroll of silence {unknown}
Potions
 d - a potion of might
 e - a potion of curing {unknown}
 g - a potion of haste {unknown}

Dungeon Overview and Level Annotations

Branches:
Dungeon (1/15) Zot: 4672

Altars:
Gozag

Shops:
D:1 ==?=

#.##########.#
#..).......#'##
#.####.[......# #.#
#........# #.# #........#
#.# #........#
#############.# #........#
............#.####........#
###########.#...@..)...####
.).....†).....########.#
###.#.#####.#.# #.# #...#.#
#.#†# #.# ######## #.###.#
#.#.# #.# #....... #.....#
#.#.# #.# #.######
###########.#.# #.# #.#
............#.# #.# #.#
#############.# #.# #.#


There were no monsters in sight!


Message History

A bat is nearby!
You closely miss the bat. The bat closely misses you.
The bat hits you but does no damage. You block the bat's attack.
You slash the bat!
You kill the bat!
You see here a bat corpse.
Found a stone staircase leading down.
Key pressed, stopping explore.
No target in view!
No target in view!
There is a stone staircase leading down here.
Key pressed, stopping explore.
No target in view!
No target in view!
There is a stone staircase leading down here.
Key pressed, stopping explore.
No target in view!
No target in view!
A goblin comes into view. It is wielding a +0 club.
A goblin is nearby!
The goblin hits you but does no damage.
You closely miss the goblin.
The goblin hits you with a +0 club. 😕 HP[-1]
You take 1 damage, and now have 30/31 hp.
A goblin is nearby!
You miss the goblin. The goblin hits you but does no damage.
You closely miss the goblin.
The goblin hits you but does no damage. x2 😎 HP[+1]
Your hp is fully restored (31).
A goblin is nearby!
You hit the goblin but do no damage. You block the goblin's attack.
You barely miss the goblin.
The goblin hits you with a +0 club. 😕 HP[-1]
You take 1 damage, and now have 30/31 hp.
A goblin is nearby!
A goblin is nearby!
You hit the goblin but do no damage. The goblin closely misses you.
You slash the goblin!
You kill the goblin!
Things that are here:
a +0 club; a goblin corpse Key pressed, stopping explore.
No target in view!
No target in view! 😎 HP[+1]
Your hp is fully restored (31).
Things that are here:
a +0 club; a goblin corpse Key pressed, stopping explore.
No target in view!
No target in view!
Key pressed, stopping explore.
No target in view!
No target in view!
A giant cockroach comes into view.
A giant cockroach is nearby!
A giant cockroach is nearby!
The giant cockroach bites you but does no damage. x2
You completely miss the giant cockroach.
The giant cockroach bites you but does no damage.
A giant cockroach is nearby!
You closely miss the giant cockroach.
The giant cockroach closely misses you. x2
You slash the giant cockroach!
You kill the giant cockroach!
A bat comes into view.
You closely miss the bat. The bat barely misses you.
You hit the bat.
You kill the bat!
An endoplasm comes into view.
The endoplasm quivers.
You see here a bat corpse.
An endoplasm is nearby!
You block the endoplasm's attack.
You hit the endoplasm.
You kill the endoplasm!
Done exploring.
Done exploring.
No target in view!
No target in view!
Done exploring.
No target in view!
No target in view!
Done exploring.
No target in view!
No target in view!
Done exploring.
Search for what [? for help]? altar
There is a faded altar of an unknown god here.
This altar belongs to (a) Hepliaklqana, (b) Gozag or (c) Dithmenos, but you can't tell which.
Press the corresponding letter to learn more about a god, or press enter to convert or escape to cancel.
Gozag accepts your prayer! Gozag welcomes you!
Gozag waives the service fee.
There is an open door here.
There is an entrance to Qalequt's Magic Scroll Boutique here.
Unknown command.
Okay, then.
Unknown command.
Done exploring.
Okay, then.
Are you sure you want to abandon this character and quit the game? (Confirm with "yes".)

Skill      XL: |  1  2 |
---------------+-------+-----
Axes           | 3 4 |  4.8
Fighting       | |  3.6
Armour         | |  3.2
Shields        | |  3.2

Action                     || total
---------------------------++-------
  Melee: War axe           ||    63
 Armour: Scale mail        ||    40
  Dodge: Dodged            ||    24
  Block: Buckler           ||    13

Levels and vault maps discovered:
D:1:      amcnicky_arrival_feature_with_door, layout_basic, serial_shops, shop,
          shop, shop, shop, basic_ecumenical_altar

Notes
Turn   | Place    | Note
-------+----------+-------------------------------------------
     0 | D:1      | kae the Hill Orc Fighter began the quest for the Orb.
     0 | D:1      | Reached XP level 1. HP: 19/19 MP: 1/1
     0 | D:1      | magus.rc [v1.11.3]
    59 | D:1      | Found Gutzicroa's Jewellery Boutique.
   127 | D:1      | Reached skill level 3 in Axes
   188 | D:1      | Found Jaytiaki's Jewellery Shop.
   232 | D:1      | Found Kesoir's Jewellery Shoppe.
   248 | D:1      | Reached XP level 2. HP: 25/26 MP: 2/2
   461 | D:1      | Reached skill level 4 in Axes
   525 | D:1      | Found Qalequt's Magic Scroll Boutique.
   547 | D:1      | Bought 3 scrolls of identify for 66 gold pieces
   547 | D:1      | Bought a scroll of identify for 22 gold pieces
   682 | D:1      | Reached XP level 3. HP: 31/31 MP: 3/3
   742 | D:1      | Found a faded altar of an unknown god.
  1248 | D:1      | Prayed at the altar of an unknown god.
  1248 | D:1      | Became a worshipper of Gozag Ym Sagoz the Greedy
  1307 | D:1      | Quit the game

Vanquished Creatures
  2 dart slugs (D:1)
  3 endoplasms (D:1)
  3 giant cockroaches (D:1)
  3 goblins (D:1)
  A hobgoblin (D:1)
  2 jackals (D:1)
  A quokka (D:1)
  2 ball pythons (D:1)
  4 bats (D:1)
  A kobold (D:1)
  2 rats (D:1)
24 creatures vanquished.

Table legend:
 A = Non-vault XP
 B = Vault XP
 C = Vault XP percentage of total XP
 D = Non-vault monster count
 E = Vault monster count
 F = Vault count percentage of total count
                 A         B        C        D         E       F
            +---------+---------+-------+---------+---------+-------
      Total |      45 |       0 |   0.0 |      24 |       0 |   0.0
            +---------+---------+-------+---------+---------+-------
        D:1 |      45 |       0 |   0.0 |      24 |       0 |   0.0
            +---------+---------+-------+---------+---------+-------

Skill      XL: |  1  2 |
---------------+-------+-----
Axes           | 3 4 |  4.8
Fighting       | |  3.6
Armour         | |  3.2
Shields        | |  3.2

Action                     || total
---------------------------++-------
  Melee: War axe           ||    63
 Armour: Scale mail        ||    40
  Dodge: Dodged            ||    24
  Block: Buckler           ||    13

Illustrated notes

Table legend:
 A = Kills in this place as a percentage of kills in the entire game.
 B = Kills by you in this place as a percentage of kills by you in the entire game.
 C = Kills by friends in this place as a percentage of kills by friends in the entire game.
 D = Other kills in this place as a percentage of other kills in the entire game.
 E = Experience gained in this place as a percentage of experience gained in the entire game.
 F = Experience gained in this place divided by the number of levels of this place that you have seen.
                   A       B       C       D       E      F
               +-------+-------+-------+-------+-------+----------------------
         Total | 100.0 | 100.0 |   N/A |   N/A | 100.0 |  45.0
       Dungeon | 100.0 | 100.0 |   N/A |   N/A | 100.0 |  45.0
               +-------+-------+-------+-------+-------+----------------------

Table legend: (Time is in decaauts)
 A = Elapsed time spent in this place.
 B = Non-inter-level travel time spent in this place.
 C = Inter-level travel time spent in this place.
 D = Time resting spent in this place.
 E = Time spent auto-exploring this place.
 F = Levels seen in this place.
 G = Mean time per level.
                   A        B        C        D        E       F      G
               +--------+--------+--------+--------+--------+-----+--------+
         Total |   1327 |   1218 |    109 |      0 |   1046 |   1 | 1327.0 |
       Dungeon |   1327 |   1218 |    109 |      0 |   1046 |   1 | 1327.0 |
               +--------+--------+--------+--------+--------+-----+--------+

Top non-repeatable levels by time:
     D:1: 1327 daAuts
